 Dungeon Crawl Stone Soup version 0.18-a0-916-gc496e2e (webtiles) character file.

105 Proton the Skirmisher (level 4, 0/42 HPs)
             Began as a Naga Fighter on Dec 26, 2015.
             Slain by an adder (4 damage)
             ... on level 3 of the Dungeon.
             The game lasted 00:04:16 (2088 turns).

Proton the Skirmisher (Naga Fighter)                Turns: 2088, Time: 00:04:16

Health: 0/42       AC:  4    Str: 19    XL:     4   Next: 83%
Magic:  4/4        EV:  5    Int:  8    God:
Gold:   64         SH:  8    Dex: 11    Spells: 0 memorised, 3 levels left

rFire  . . .     SeeInvis +     a - +0 flail
rCold  . . .     Gourm    .     b - +0 scale mail
rNeg   . . .     Faith    .     c - +0 shield
rPois  +         Spirit   .     (no helmet)
rElec  .         Dismiss  .     (no cloak)
rCorr  .         Reflect  .     (no gloves)
SustAt .         Harm     .     (no barding)
MR     .....                    (no amulet)
Stlth  ..........               (no ring)
                                (no ring)

@: lethally poisoned (0 -> -2), short of breath, heavily drained, very slow, not
resistant to hostile enchantments, extremely unstealthy
A: see invisible, deformed body, poison resistance, slowness 2, slow metabolism
1, spit poison 2, AC +1
a: Spit Poison


You were on level 3 of the Dungeon.
You were not hungry.

You visited 1 branch of the dungeon, and saw 3 of its levels.

You collected 64 gold pieces.

Inventory:

Hand Weapons
 a - a +0 flail (weapon)
Armour
 b - a +0 scale mail (worn)
 c - a +0 shield (worn)
Scrolls
 g - a scroll of enchant armour {unknown}
 j - 2 scrolls of teleportation {unknown}
 k - a scroll of magic mapping {unknown}
 l - a scroll of fear {unknown}
 p - a scroll of identify {unknown}
 q - 2 scrolls of remove curse {unknown}
Potions
 d - a potion of might
 e - a potion of magic {unknown}
 f - a potion of poison {unknown}
 h - a potion of resistance {unknown}
 i - 2 potions of agility {unknown}
 n - a potion of cure mutation {unknown}
 o - 3 potions of heal wounds {unknown}
Comestibles
 m - 4 meat rations


   Skills:
 + Level 3.3(2.2) Fighting
 + Level 2.8(1.6) Maces & Flails
 + Level 3.0(1.9) Armour
 + Level 1.6(0.5) Dodging
 + Level 2.7(1.6) Shields


You had 3 spell levels left.
You didn't know any spells.

Dungeon Overview and Level Annotations

Branches:
Dungeon (3/15)

Altars:


Innate Abilities, Weirdness & Mutations

You cannot wear boots.
Your serpentine skin is tough (AC +1).
You have supernaturally acute eyesight.
Armour fits poorly on your strangely shaped body.
Your system is resistant to poisons.
You cover ground very slowly.
You have a slow metabolism.
You can spit poison.


Message History

The adder bites you but does no damage. The adder completely misses you.
You closely miss the adder. You block the adder's attack. The adder bites you.
You miss the adder. The adder bites you. The adder bites you.
* * * LOW HITPOINT WARNING * * *
You hit the adder.
The adder is heavily wounded.
You have got your breath back.
You feel sick. The adder bites you.
* * * LOW HITPOINT WARNING * * *
The adder closely misses you.
Press: ? - help, Shift-Dir - straight line, f/p - adder
Aim: an adder (heavily wounded)
The splash of poison hits the adder.
The adder is almost dead.
You feel slightly more hungry. The adder bites you.
* * * LOW HITPOINT WARNING * * *
You closely miss the adder.
The adder is almost dead.
The adder bites you.
You die...

.#.#...#.#.# #.##.# #.# #.
.#.#.......# #.##.# #.# #.
..........# #.##.# #.# #.
....).....# #.##.# #####.####.
.....(....#####.##.# #.(.....^..
................##.# ##.###.####.
...#...########.##.###...##....†.
####...# ######.##.....#.....###.
# ##### #......@Sg###...###.# #.
# ####.#(#..##.# #...# #.# #. #
#.........##.# #.#.# #.# #.
#######.##.#.#..##.# #.#.###.# ##
........ #......##.. ..#.....#
######## ###.#...#..#######..#
..# ##.#.#.......#.<...# #.#
#..#...#.###.#.###.# #.# #.## ##
##..#..##.#


You could see an adder and a hobgoblin.

Vanquished Creatures
  Natasha (twice) (D:2 D:1)
  An adder (D:3)
  4 giant geckos (D:1)
  4 giant cockroaches (D:1)
  4 hobgoblins (D:1)
  2 jackals (D:3)
  12 kobolds
  A quokka (D:2)
  2 ball pythons
  9 bats
  4 giant newts
  9 goblins
  11 rats
  A plant (D:1)
66 creatures vanquished.

Notes
Turn   | Place    | Note
--------------------------------------------------------------
     0 | D:1      | Proton the Naga Fighter began the quest for the Orb.
     0 | D:1      | Reached XP level 1. HP: 21/21 MP: 1/1
   354 | D:1      | Reached XP level 2. HP: 28/28 MP: 2/2
   801 | D:1      | Reached XP level 3. HP: 26/34 MP: 3/3
   887 | D:1      | Reached skill level 1 in Dodging
  1426 | D:2      | Noticed Natasha
  1442 | D:2      | Killed Natasha
  1442 | D:2      | Reached XP level 4. HP: 18/42 MP: 4/4
  1647 | D:2      | Noticed Natasha
  1657 | D:1      | Killed Natasha
  2088 | D:3      | Slain by an adder

Vault maps used:
D:1:      dpeg_arrival_central, st_stairs_8, grunt_decor_mini_mirrors,
          serial_bayou_pond_a, lexackson_kobold_supper
D:2:      uniq_natasha

Action                   |  1- 3 |  4- 6 || total
-------------------------+-------+-------++-------
Melee: Flail             |   212 |    46 ||   258
 Abil: Spit Poison       |     1 |     8 ||     9
  Eat: Bread ration      |     1 |       ||     1
